 Dungeon Crawl Stone Soup version 0.27.0-1-g7a089689b8 (webtiles) character file.

Game seed: 3451340560087859968

550 SnakkuSnakku7 the Chucker (level 7, -2/52 HPs)
             Began as a Black Draconian Arcane Marksman on Aug 7, 2021.
             Was an Initiate of Gozag.
             Killed from afar by an orc wizard (9 damage)
             ... with a magic dart
             ... on level 6 of the Dungeon.
             The game lasted 00:06:02 (4788 turns).

SnakkuSnakku7 the Chucker (DrAM)                    Turns: 4788, Time: 00:06:02

Health: -2/52      AC:  6    Str: 12    XL:     7   Next: 7%
Magic:  8/8        EV: 20    Int: 13    God:    Gozag
Gold:   308        SH:  0    Dex: 14    Spells: 7/8 levels left

rFire    . . .     SeeInvis .   a - +0 dagger (venom)
rCold    . . .     Faith    .   (no shield)
rNeg     . . .     Spirit   .   (armour unavailable)
rPois    .         Reflect  .   (helmet restricted)
rElec    +         Harm     .   (no cloak)
rCorr    .         Rampage  .   (no gloves)
Will     .....                  (no boots)
Stlth    +.........             (no amulet)
HPRegen  0.17/turn              i - +4 ring of evasion
MPRegen  0.11/turn              q - +4 ring of evasion

@: no status effects
A: breathe lightning, AC +6, unfitting armour, electricity resistance,
cold-blooded
a: Breathe Lightning, Renounce Religion, Potion Petition, Call Merchant, Bribe
Branch


You were on level 6 of the Dungeon.
You worshipped Gozag.
Gozag was aware of your devotion.
You visited 2 branches of the dungeon, and saw 7 of its levels.

You collected 366 gold pieces.
You paid 58 gold pieces to Gozag.

Inventory:

Hand Weapons
 a - a +0 dagger of venom (weapon)
 b - a +0 morningstar
Missiles
 e - 10 boomerangs (quivered)
 j - 15 javelins
 u - 2 throwing nets
Jewellery
 d - an amulet of the acrobat
 i - a +4 ring of evasion (left hand)
 k - a ring of ice
 q - a +4 ring of evasion (right hand)
Wands
 m - a wand of polymorph (3)
 s - a wand of digging (4)
Scrolls
 f - a scroll of enchant weapon {unknown}
 h - a scroll of amnesia {unknown}
 l - a scroll of immolation {unknown}
 o - 4 scrolls of identify {unknown}
 p - a scroll of magic mapping {unknown}
 r - 2 scrolls of noise {unknown}
Potions
 c - a potion of curing {unknown}
 n - a potion of haste {unknown}
 t - 2 potions of flight {unknown}


   Skills:
 - Level 1.1 Fighting
 + Level 4.3 Maces & Flails
 - Level 5.7 Throwing
 - Level 1.7 Dodging
 - Level 1.0 Spellcasting
 - Level 2.6 Hexes


You had 7 spell levels left.
You knew the following spells:

 Your Spells              Type           Power      Damage    Failure   Level
a - Corona                Hex            7%         N/A       10%         1

Your spell library contained the following spells:

 Spells                   Type           Power      Damage    Failure   Level
 Slow                     Hex            7%         N/A       14%         2
 Static Discharge         Conj/Air       0%         N/A       38%         2
 Inner Flame              Hex/Fire       4%         N/A       43%         3
 Portal Projectile        Hex/Tloc       8%         N/A       43%         3
 Conjure Flame            Conj/Fire      0%         6-21      63%         3
 Ignite Poison            Fire/Tmut/Pois 0%         N/A       63%         3
 Cause Fear               Hex            3%         N/A       67%         4
 Sticky Flame             Conj/Fire      0%         2d3       95%         4
 Lightning Bolt           Conj/Air       0%         1d11      100%        5
 Maxwell's Capacitive Co  Air            0%         ∞         100%        8


Dungeon Overview and Level Annotations

Branches:
Dungeon (6/15)             Temple (1/1) D:5

Altars:
Ashenzari
Cheibriados
Dithmenos
Elyvilon
Gozag
Hepliaklqana
Nemelex Xobeh
Okawaru
Qazlal
Ru
Sif Muna
Trog
Wu Jian
Xom
Yredelemnul
Zin
The Shining One

Annotations:
D:2 dig


Innate Abilities, Weirdness & Mutations

You can breathe wild blasts of lightning.
Your glossy black scales are hard. (AC +6)
You cannot fit into any form of body armour.
You are resistant to electric shocks. (rElec)
You are cold-blooded and may be slowed by cold attacks.


Message History

You now have 308 gold pieces (gained 21).
Things that are here:
a +0 shortbow; 8 arrows A goblin comes into view.
It is wielding a +0 dagger.
A goblin comes into view. It is wielding a +0 club.
Unknown command.
You start resting.
HP restored.
An orc wizard comes into view. It is wielding a +0 dagger.
An orc comes into view. It is wielding a +0 club.
An orc comes into view. It is wielding a +0 dagger.
The orc moves out of view.
An orc wizard comes into view. It is wielding a +0 dagger.
The orc wizard shouts!
The orc warrior shouts!
The orc shouts!
The orc warrior closely misses you. The orc wizard misses you.
You barely miss the orc wizard. The orc warrior barely misses you.
The orc wizard hits you with a +0 dagger.
The orc closely misses you.
You barely miss the orc wizard.
The orc wizard mumbles some strange words.
The orc wizard flickers and vanishes!
Deactivating autopickup; reactivate with Ctrl-A.
The orc warrior misses you.
The orc wizard gestures at you while chanting.
You resist with some effort. The orc misses you.
The orc hits you with a +0 dagger.
You hit the orc warrior but do no damage.
The orc warrior is poisoned.
The orc warrior hits you with a +0 glaive!!
The orc wizard misses you. The orc barely misses you.
You hit the orc warrior but do no damage.
The orc warrior looks even sicker.
The orc warrior hits you with a +0 glaive!!
* * * LOW HITPOINT WARNING * * *
The orc hits you with a +0 club.
* * * LOW HITPOINT WARNING * * *
The orc wizard points at you and mumbles some strange words.
The magic dart hits you!
You die...
Your body crumbles into a pile of gold.

.....................##........#.
.......g............###..........
.................#.####.[........
###.............# ...##........##
#.#.............## #.#..#........
#................# #....##.).....
..#..............###.....#......#
................oo...###.........
........g.....)o@###...#...#.#.##
#h>....>..#...#o...........###.#
####.........###.#....##.### ###
## ##..#.....#...........#
.####.###.......##.......#
....... ##...... ####...##
.......# #.....# ##.## .##...##
##.### ### ## #### ##


You could see an orc warrior (very poisoned), an orc wizard and 2 orcs.

Vanquished Creatures
  A hornet zombie (D:6)
  An ice beast (D:5)
  2 ogres
  A centaur (D:6)
  A scorpion (D:4)
  A water moccasin zombie (D:5)
  A howler monkey (D:6)
  2 hounds
  A bullfrog skeleton (D:6)
  An iron imp (D:5)
  Terence (D:3)
  Jessica (D:3)
  3 iguanas
  Ijyb (D:3)
  An orc wizard (D:5)
  A hound zombie (D:3)
  A hound skeleton (D:4)
  3 adders
  A white imp (D:5)
  An ufetubus (D:6)
  2 worms
  9 orcs
  5 bats
  4 endoplasms
  3 giant cockroaches
  7 goblins
  9 hobgoblins
  10 jackals
  8 kobolds
  4 quokkas
  3 ball pythons
  3 frilled lizards
  A quokka zombie (D:3)
  4 rats
98 creatures vanquished.

Notes
Turn   | Place    | Note
-------+----------+-------------------------------------------
     0 | D:1      | SnakkuSnakku7 the Draconian Arcane Marksman began the quest
                  | for the Orb.
     0 | D:1      | Reached XP level 1. HP: 16/16 MP: 2/2
    94 | D:1      | Reached skill level 2 in Throwing
   433 | D:1      | Reached XP level 2. HP: 18/23 MP: 3/3
  1036 | D:2      | Reached skill level 3 in Throwing
  1068 | D:2      | Reached XP level 3. HP: 26/28 MP: 4/4
  1831 | D:3      | Noticed Ijyb
  1842 | D:3      | Killed Ijyb
  1843 | D:3      | Reached skill level 4 in Throwing
  1843 | D:3      | Reached XP level 4. HP: 22/35 MP: 5/5
  1978 | D:3      | Found an ornate altar of the Wu Jian Council.
  2023 | D:3      | Noticed Jessica
  2030 | D:3      | Killed Jessica
  2095 | D:3      | Noticed Terence
  2110 | D:3      | Killed Terence
  2111 | D:3      | Reached XP level 5. HP: 23/40 MP: 6/6
  2248 | D:3      | Reached skill level 5 in Throwing
  2406 | D:3      | Found a basalt altar of Yredelemnul.
  2879 | D:4      | Reached XP level 6. HP: 29/47 MP: 7/7
  2945 | D:4      | You fall into a shaft and drop 1 floor!
  2945 | D:5      | Entered Level 5 of the Dungeon
  2945 | D:5      | Found a staircase to the Ecumenical Temple.
  2948 | Temple   | Entered the Ecumenical Temple
  2971 | Temple   | Became a worshipper of Hepliaklqana the Forgotten
  2972 | Temple   | Fell from the grace of Hepliaklqana
  3019 | Temple   | Became a worshipper of Gozag Ym Sagoz the Greedy
  3306 | D:5      | Found a snail-covered altar of Cheibriados.
  3740 | D:5      | Noticed an ice beast
  3779 | D:5      | Killed an ice beast
  3896 | D:5      | Found a broken altar of Ashenzari.
  4445 | D:6      | Was forgiven by Hepliaklqana
  4523 | D:6      | Noticed an orc warrior
  4675 | D:6      | Your scales start taking on a glossy black colour.
  4675 | D:6      | Reached XP level 7. HP: 34/52 MP: 8/8
  4675 | D:6      | Gained mutation: You are resistant to electric shocks.
                  | (rElec) [Black Draconian growth]
  4788 | D:6      | Killed from afar by an orc wizard

Illustrated notes

Levels and vault maps discovered:
D:1:      nicolae_arrival_memento_mori, layout_loops_ring
D:2:      layout_basic, due_unseen_surprise
D:3:      layout_basic, mainiacjoe_overflow_alcove_1,
          lemuel_zombie_altar_yredelemnul, mrwooster_statue_mirror,
          uniq_jessica, uniq_ijyb, uniq_terence
D:4:      layout_rooms
D:5:      layout_cave_pools, slow_altar_1, lemuel_crystal_altar,
          lemuel_temple_firewalk_a
D:6:      layout_cave_pools, minmay_ogre_servants, uniq_menkaure, uniq_maggie
Temple:   nicolae_temple_god_jail

Skill      XL: |  1  2  3  4  5  6 |
---------------+-------------------+-----
Throwing       | 2 3 4 5 |  5.7
Maces & Flails | 4 |  4.3
Fighting       | |  1.1
Dodging        | |  1.7
Spellcasting   | |  1.0
Hexes          | |  2.6

Action                   |  1- 3 |  4- 6 |  7- 9 || total
-------------------------+-------+-------+-------++-------
Melee: Dagger            |   101 |   255 |     4 ||   360
       Short sword       |    36 |       |       ||    36
       Unarmed           |     5 |     2 |       ||     7
       Tailslap          |     9 |    41 |       ||    50
       Morningstar       |       |    46 |       ||    46
Throw: Javelin           |     4 |       |       ||     4
       Boomerang         |     2 |       |       ||     2
Invok: Renounce Religion |       |     1 |       ||     1
 Stab: Sleeping          |     3 |       |       ||     3
Armor: Skin              |    36 |    59 |       ||    95
Dodge: Dodged            |   130 |   306 |     8 ||   444
